 Dungeon Crawl Stone Soup version 0.28-a0-1199-gef9e1dbd39 (webtiles) character file.

Game seed: 11701087689687965457

20 ytrimaz the Insei (level 2, -2/18 HPs)
             Began as an Octopode Transmuter on Dec 19, 2021.
             Slain by a gnoll (7 damage)
             ... on level 2 of the Dungeon.
             The game lasted 00:01:17 (1203 turns).

ytrimaz the Insei (Octopode Transmuter)             Turns: 1203, Time: 00:01:18

Health: -2/18      AC:  1    Str:  9    XL:     2   Next: 79%
Magic:  3/5        EV: 13    Int: 15    God:
Gold:   46         SH:  0    Dex: 12    Spells: 2/5 levels left

rFire   . . .      SeeInvis .     - Unarmed
rCold   . . .      Faith    .   (no shield)
rNeg    . . .      Spirit   .   (helmet restricted)
rPois   .          Reflect  .   (no amulet)
rElec   .          Harm     .   (no ring)
rCorr   .          Rampage  .   (no ring)
Will    .....                   (no ring)
Stlth   ++........              (no ring)
HPRegen 0.06/turn               (no ring)
MPRegen 0.09/turn               (no ring)
                                (no ring)
                                (no ring)

@: wereblooded
A: almost no armour, amphibious, 8 rings, camouflage 1, gelatinous body 1,
(nimble swimmer 1), tentacles
a: no special abilities


You were on level 2 of the Dungeon.
You visited 1 branch of the dungeon, and saw 2 of its levels.

You collected 46 gold pieces.

Inventory:

Missiles
 d - 2 throwing nets
Scrolls
 b - a scroll of fog
Potions
 a - a potion of heal wounds
 c - 3 potions of curing {unknown}


   Skills:
 * Level 1.4 Fighting
 * Level 2.2 Dodging
 + Level 3.2 Unarmed Combat
 * Level 2.2 Spellcasting
 * Level 2.2 Transmutations


You had 2 spell levels left.
You knew the following spells:

 Your Spells              Type           Power      Damage    Failure   Level
a - Beastly Appendage     Tmut           16%        N/A       9%          1
b - Wereblood             Tmut           8%         N/A       13%         2

Your spell library contained the following spells:

 Spells                   Type           Power      Damage    Failure   Level
 Spider Form              Tmut/Pois      5%         N/A       38%         3
 Ice Form                 Ice/Tmut       5%         N/A       80%         4


Dungeon Overview and Level Annotations

Branches:
Dungeon (2/15)

Altars:


Innate Abilities, Weirdness & Mutations

You cannot wear most types of armour.
You are amphibious.
You can wear up to eight rings at the same time.
Your skin changes colour to match your surroundings (Stealth+).
Your rubbery body absorbs attacks. (AC +1, EV +1)
((You are camouflaged near water. (Stealth+)))
You have tentacles for arms and can constrict up to eight enemies at once.


Message History

There is a stone staircase leading up here.
Unknown command.
There is an open door here.
An endoplasm comes into view.
Found 10 gold pieces.
An endoplasm is nearby!
An endoplasm is nearby!
One of your tentacles grows a vicious spike.
You see here 10 gold pieces.
The endoplasm quivers.
You tentacle-slap the endoplasm.
The endoplasm is heavily wounded.
Your transformation is almost over.
The endoplasm closely misses you.
You tentacle-slap the endoplasm.
You kill the endoplasm!
No target in view!
No target in view!
Magic restored.
You now have 46 gold pieces (gained 10).
Your tentacle spike disappears.
A gnoll is nearby!
A gnoll is nearby!
Casting: Beastly Appendage (safe; 9% risk of failure)
Confirm with . or Enter, or press ? or * to list all spells.
You don't know that spell.
Casting: Beastly Appendage (safe; 9% risk of failure)
Confirm with . or Enter, or press ? or * to list all spells.
Your blood is infused with primal strength.
The gnoll shouts!
You hear a shout! x2
You hear a shout! x2
The gnoll hits you from afar with a +0 spear.
The gnoll shouts!
The gnoll barely misses you.
You tentacle-slap the gnoll. You grab the gnoll.
The gnoll is moderately wounded.
You constrict the gnoll. The gnoll hits you with a +0 spear!
* * * LOW HITPOINT WARNING * * *
The gnoll hits you from afar with a +0 spear!
You die...

#####.# #.# #....#
#####.##### #.#
#.#### #.........#
##.##### #.#
#.#######.# ##......#
#.# #.# #..g..#.# #.#
#.# ##...##.# #.#
#.#####g###.######.#
#.....#g##.........#
#.###.รท.@...########
#.# ###.....# ..#
####### ####


You could see 3 gnolls.

Vanquished Creatures
  A dart slug (D:1)
  4 endoplasms
  2 giant cockroaches (D:1)
  2 goblins (D:1)
  2 quokkas
  A ball python (D:2)
  2 bats
  2 rats
16 creatures vanquished.

Vanquished Creatures (others)
  10 plants (D:2)
10 creatures vanquished.

Grand Total: 26 creatures vanquished

Notes
Turn   | Place    | Note
-------+----------+-------------------------------------------
     0 | D:1      | ytrimaz the Octopode Transmuter began the quest for the
                  | Orb.
     0 | D:1      | Reached XP level 1. HP: 13/13 MP: 3/3
     4 | D:1      | Noticed an anaconda
    16 | D:1      | Noticed a black mamba
   235 | D:1      | Reached XP level 2. HP: 18/18 MP: 3/5
   258 | D:1      | Learned a level 2 spell: Wereblood
  1203 | D:2      | Slain by a gnoll

Illustrated notes

Levels and vault maps discovered:
D:1:      sevenhm_arrival_forest_fort_small_2, layout_rooms, minivault_25,
          item_on_display_a
D:2:      layout_loops_corners, shapermc_ecumenical_altar_hornbeckon,
          amcnicky_mini_corridor_feature

Action                   || total
-------------------------++-------
Melee: Unarmed           ||    35
       Tentacles         ||     7
       Constrict         ||    11
       Kick              ||     4
       Punch             ||     1
 Cast: Beastly Appendage ||    13
       Wereblood         ||     1
  Use: Scroll            ||     3
 Stab: Sleeping          ||     3
Armor: Skin              ||     7
Dodge: Dodged            ||    23

Table legend: (Time is in decaauts)
 A = Elapsed time spent in this place.
 B = Non-inter-level travel time spent in this place.
 C = Inter-level travel time spent in this place.
 D = Time resting spent in this place.
 E = Time spent auto-exploring this place.
 F = Levels seen in this place.
 G = Mean time per level.
                   A        B        C        D        E       F      G
               +--------+--------+--------+--------+--------+-----+--------+
         Total |   1203 |   1137 |     66 |    195 |    718 |   2 |  601.5 |
       Dungeon |   1203 |   1137 |     66 |    195 |    718 |   2 |  601.5 |
               +--------+--------+--------+--------+--------+-----+--------+

Top non-repeatable levels by time:
     D:1: 849 daAuts
     D:2: 354 daAuts
